[Event "Slovakia Chess Open 2024"]
[Site "Modra"]
[Date "2024.03.04"]
[Round "6.8"]
[White "Chojnacki, Kevin"]
[Black "Kukla, Tomas"]
[Result "0-1"]
[ECO "A09"]
[WhiteElo "1672"]
[BlackElo "1864"]
[Annotator "NA RC"]
[PlyCount "54"]
[EventDate "2024.02.29"]
[EventType "swiss"]
[EventCountry "SVK"]
[SourceTitle "playchess.com"]
[Source "ChessBase"]
[SourceQuality "1"]
[TimeControl "5400+30"]

1. Nf3 Nf6 2. g3 c5 3. Bg2 d5 4. c4 d4 5. b3 Nc6 6. e3 {[%emt 0:00:40] A09: Réti Opening: 1 Nf3 d5 2 c4.} e5 7. exd4 exd4 8. d3 Bd6 9. O-O O-O 10. a3 a5 11. Bg5 h6 12. Bxf6 Qxf6 13. Nbd2 Bg4 14. Ne4 Qe7 15. Nxd6 Qxd6 16. Qc2 Rae8 17. Rfe1 f5 18. Rxe8 Rxe8 19. Re1 Rf8 20. h3 Bh5 21. Nh4 g5 22. Bd5+ Kg7 23. Re6 Qc7 {[%emt 0:01:54] [#]} 24. Qd2 $19 Nd8 25. Nxf5+ Rxf5 26. g4 Nxe6 27. Bxe6 Re5 0-1

[Event "Slovakia Chess Open 2024"]
[Site "Modra"]
[Date "2024.03.04"]
[Round "6.9"]
[White "Pisarcik, Richard"]
[Black "Hitka, Dominik"]
[Result "1-0"]
[ECO "D78"]
[WhiteElo "1855"]
[BlackElo "1709"]
[Annotator "NA RC"]
[PlyCount "51"]
[EventDate "2024.02.29"]
[EventType "swiss"]
[EventCountry "SVK"]
[SourceTitle "playchess.com"]
[Source "ChessBase"]
[SourceQuality "1"]
[TimeControl "5400+30"]

1. d4 Nf6 2. c4 g6 3. g3 c6 4. Bg2 d5 5. Nf3 Bg7 6. O-O O-O 7. Nc3 dxc4 8. Qa4 Nbd7 9. Qxc4 Nb6 10. Qd3 Bd7 11. e4 Qc8 12. b3 Bh3 $16 13. Ba3 Bxg2 14. Kxg2 Re8 15. Rac1 Qd8 16. Rfd1 e6 17. h3 Bf8 18. Bb2 Qe7 19. e5 Nfd5 20. Ne4 Bg7 21. Nd6 Red8 22. h4 f6 23. Nd2 fxe5 24. dxe5 Nd7 25. f4 Qxh4 26. Qxd5 1-0

[Event "Slovakia Chess Open 2024"]
[Site "Modra"]
[Date "2024.03.04"]
[Round "6.10"]
[White "Visvader, Kristof"]
[Black "Pietrucha, Jaroslaw"]
[Result "1/2-1/2"]
[ECO "C50"]
[WhiteElo "1696"]
[BlackElo "1781"]
[Annotator "NA RC"]
[PlyCount "168"]
[EventDate "2024.02.29"]
[EventType "swiss"]
[EventCountry "SVK"]
[SourceTitle "playchess.com"]
[Source "ChessBase"]
[SourceQuality "1"]
[TimeControl "5400+30"]

1. e4 e5 2. Nf3 d6 3. Nc3 Nf6 4. Bc4 Be7 5. O-O Nc6 6. d4 exd4 7. Nxd4 Bd7 8. Bf4 O-O 9. Re1 Nxd4 10. Qxd4 Bc6 11. Rad1 Nd7 12. e5 dxe5 13. Bxe5 Nxe5 14. Qxe5 Bd6 15. Qh5 g6 16. Qh6 Qf6 17. Kf1 Bf4 18. Qh3 Rfe8 19. Rxe8+ Rxe8 20. Nd5 Bxd5 21. Bxd5 Qxb2 22. Qb3 Qxb3 23. cxb3 b6 24. Re1 Rd8 25. Rd1 Kg7 26. Bf3 Bd6 27. Bc6 a5 28. a4 h5 29. h3 Kf6 30. Ke2 g5 31. Rd5 Kg6 32. f3 h4 33. Ke3 f5 34. Kd3 Kf6 35. Kc4 Ke6 36. Kd3 Rh8 37. Kc4 Rh7 38. Bb7 Rh8 39. Bc6 Rf8 40. Rb5 Bc5 41. Rxc5 bxc5 42. Kxc5 Rb8 43. Bb5 Ke7 44. Kc6 Kd8 45. Kd5 Rb6 46. Ke5 Rd6 47. Kxf5 Rd5+ 48. Kg4 Ke7 49. Bc4 Rc5 50. f4 Kf6 51. g3 hxg3 52. Kxg3 Rf5 53. fxg5+ Rxg5+ 54. Kf4 Rh5 55. Ke4 Rxh3 56. Kd5 Ke7 57. Kc6 Kd8 58. Kb5 Rh5+ 59. Kc6 Kc8 60. Be6+ Kb8 61. Bc4 Re5 62. Bd5 Rg5 63. Bc4 Ka7 64. Kxc7 Rc5+ 65. Kd6 Kb6 66. Bd5 Rc1 67. Bc4 Rd1+ 68. Ke5 Kc5 69. Ke4 Kb4 70. Ke3 Kc3 71. Ke4 Rd4+ 72. Ke3 Rd7 73. Ke4 Rd8 74. Ke5 Rd4 75. Ke6 Rxc4 76. bxc4 Kxc4 77. Ke5 Kb4 78. Kd4 Kxa4 79. Kc4 Ka3 80. Kc3 Ka2 81. Kc2 a4 82. Kc1 a3 83. Kc2 Ka1 84. Kc1 a2 1/2-1/2

[Event "Slovakia Chess Open 2024"]
[Site "Modra"]
[Date "2024.03.04"]
[Round "6.11"]
[White "Palka, Miroslav"]
[Black "Rozboril, Alex"]
[Result "1-0"]
[ECO "A25"]
[WhiteElo "1780"]
[BlackElo "1563"]
[Annotator "NA"]
[PlyCount "35"]
[EventDate "2024.02.29"]
[EventType "swiss"]
[EventCountry "SVK"]
[SourceTitle "playchess.com"]
[Source "ChessBase"]
[SourceQuality "1"]
[TimeControl "5400+30"]

1. c4 e5 2. Nc3 Nf6 3. e4 Nc6 4. g3 Bc5 5. Bg2 O-O 6. Nge2 d6 7. O-O Bg4 8. h3 Bxe2 9. Qxe2 Nd4 10. Qd1 c6 11. d3 h6 12. Kh2 Qb6 13. f4 Rad8 14. fxe5 dxe5 15. Rxf6 gxf6 16. Bxh6 Kh7 17. Qh5 Qxb2 18. Bc1+ 1-0

[Event "Slovakia Chess Open 2024"]
[Site "Modra"]
[Date "2024.03.04"]
[Round "6.12"]
[White "Nosal, Tobias"]
[Black "Loffay, Pavol"]
[Result "1-0"]
[ECO "A83"]
[WhiteElo "1773"]
[BlackElo "1753"]
[Annotator "NA RC"]
[PlyCount "65"]
[EventDate "2024.02.29"]
[EventType "swiss"]
[EventCountry "SVK"]
[SourceTitle "playchess.com"]
[Source "ChessBase"]
[SourceQuality "1"]
[TimeControl "5400+30"]

1. d4 f5 2. Nc3 Nf6 3. Bg5 e6 4. e4 fxe4 5. Nxe4 Be7 6. Bxf6 Bxf6 7. Nf3 b6 8. Bd3 Nc6 9. c3 Bb7 10. Qe2 Qe7 11. O-O-O O-O-O 12. Ba6 Rhe8 13. Bxb7+ Kxb7 14. Rhe1 d5 15. Nc5+ bxc5 16. Qb5+ Kc8 17. Qxc6 cxd4 18. cxd4 Qd6 19. Qc3 Kd7 20. Ne5+ Bxe5 21. Rxe5 Re7 22. Rde1 Rc8 23. f4 c5 24. Kb1 g6 25. g4 cxd4 26. Qxd4 Qc5 27. Qa4+ Kd6 28. f5 gxf5 29. gxf5 Rce8 30. Qf4 Kd7 31. fxe6+ Rxe6 32. Qf5 Qe7 33. Rxe6 1-0

[Event "Slovakia Chess Open 2024"]
[Site "Modra"]
[Date "2024.03.04"]
[Round "6.13"]
[White "Fratric, Jakub"]
[Black "Smolka, Robert"]
[Result "1-0"]
[ECO "B38"]
[WhiteElo "1750"]
[BlackElo "1620"]
[Annotator "NA RC"]
[PlyCount "127"]
[EventDate "2024.02.29"]
[EventType "swiss"]
[EventCountry "SVK"]
[SourceTitle "playchess.com"]
[Source "ChessBase"]
[SourceQuality "1"]
[TimeControl "5400+30"]

1. e4 c5 2. Nf3 g6 3. c4 Bg7 4. d4 cxd4 5. Nxd4 Nc6 6. Be3 Nf6 7. Nc3 O-O 8. Be2 d6 9. O-O Qc7 10. Rc1 Bd7 11. Nc2 Rfd8 12. Qd2 Ne5 13. b3 d5 14. exd5 Bg4 15. h3 Bxe2 16. Qxe2 a6 17. Na4 Ned7 18. Rfd1 Ne4 19. Bd4 Ndc5 20. Nxc5 Bxd4 21. Nxd4 Nxc5 22. b4 Na4 23. Nb3 Rac8 24. Rd4 Nb6 25. Re4 Re8 26. d6 Qc6 27. dxe7 Rc7 28. b5 Qf6 29. bxa6 bxa6 30. c5 Nd5 31. Qc4 Nxe7 32. Rf4 Qe6 33. Qxe6 fxe6 34. Rd1 Nd5 35. Rc4 Nb6 36. Re4 Nd5 37. Rxd5 exd5 38. Rxe8+ Kf7 39. Ra8 Rc6 40. Ra7+ Kf6 41. Rxh7 a5 42. Rd7 Ke5 43. f4+ Ke4 44. Kf2 a4 45. Nd2+ Kd4 46. Ra7 Rxc5 47. Rxa4+ Kd3 48. Nf3 Rc2+ 49. Kg3 Ke3 50. Rd4 Rc5 51. a4 Ra5 52. Rd2 Rc5 53. Kg4 Ke4 54. h4 Rc4 55. Ra2 Ke3 56. a5 Rxf4+ 57. Kg3 d4 58. a6 Rf8 59. a7 Ra8 60. Ra3+ d3 61. Ne1 Rxa7 62. Nc2+ Kd2 63. Rxa7 dxc2 64. Ra2 1-0

[Event "Slovakia Chess Open 2024"]
[Site "Modra"]
[Date "2024.03.04"]
[Round "6.14"]
[White "Pikulik, Roman"]
[Black "Hanzel, Richard"]
[Result "1-0"]
[ECO "B12"]
[WhiteElo "1675"]
[BlackElo "1531"]
[Annotator "NA"]
[PlyCount "39"]
[EventDate "2024.02.29"]
[EventType "swiss"]
[EventCountry "SVK"]
[SourceTitle "playchess.com"]
[Source "ChessBase"]
[SourceQuality "1"]
[TimeControl "5400+30"]

1. e4 c6 2. d4 d5 3. f3 dxe4 4. fxe4 e5 5. Nf3 Bg4 6. Bd3 exd4 7. O-O Bd6 8. e5 Bc7 9. Qe1 h6 10. Qg3 Nf6 11. Bf4 g5 12. Nxg5 Rg8 13. exf6 Bxf4 14. Rxf4 Be6 15. Nxe6 Rxg3 16. Nxd8 Rxd3 17. cxd3 Kxd8 18. Rxd4+ Kc7 19. Nc3 Na6 20. Re1 1-0

[Event "Slovakia Chess Open 2024"]
[Site "Modra"]
[Date "2024.03.04"]
[Round "6.15"]
[White "Zentko, Ladislav"]
[Black "Banas, Samuel"]
[Result "0-1"]
[ECO "D02"]
[WhiteElo "1749"]
[BlackElo "1733"]
[Annotator "NA"]
[PlyCount "82"]
[EventDate "2024.02.29"]
[EventType "swiss"]
[EventCountry "SVK"]
[SourceTitle "playchess.com"]
[Source "ChessBase"]
[SourceQuality "1"]
[TimeControl "5400+30"]

1. Nf3 d5 2. d4 Nf6 3. Bf4 Bf5 4. e3 e6 5. c3 Bd6 6. Nbd2 Bxf4 7. exf4 O-O 8. Be2 Qd6 9. g3 c6 10. Ne5 Ne4 11. O-O f6 12. Nef3 Nd7 13. Nxe4 Bxe4 14. Nd2 Bf5 15. Re1 Rae8 16. Bg4 Bxg4 17. Qxg4 e5 18. fxe5 fxe5 19. Re3 exd4 20. Qxd4 c5 21. Qd3 Ne5 22. Qe2 d4 23. cxd4 cxd4 24. Re4 d3 25. Qh5 Qf6 26. Rf4 Qb6 27. Re1 Qxb2 28. Rxe5 Rxe5 29. Rxf8+ Kxf8 30. Qf3+ Ke7 31. Qxd3 Qxa2 32. Nc4 Re6 33. Ne3 a5 34. Qxh7 Qb2 35. Nf5+ Kf7 36. Qh5+ Kf6 37. g4 a4 38. h4 a3 39. Qh8 Kf7 40. Qh5+ Kg8 41. Qg5 a2 0-1

[Event "Slovakia Chess Open 2024"]
[Site "Modra"]
[Date "2024.03.04"]
[Round "6.17"]
[White "Gecik Jergus"]
[Black "Veres, Alex"]
[Result "0-1"]
[ECO "C01"]
[WhiteElo "1000"]
[BlackElo "1584"]
[Annotator "NA RC"]
[PlyCount "64"]
[EventDate "2024.02.29"]
[EventType "swiss"]
[EventCountry "SVK"]
[SourceTitle "playchess.com"]
[Source "ChessBase"]
[SourceQuality "1"]
[TimeControl "5400+30"]

1. e4 e6 2. Nf3 d5 3. exd5 exd5 4. d4 Nf6 5. Nc3 c6 6. Bg5 Be7 7. Bd3 h6 8. Bh4 O-O 9. O-O Bg4 10. h3 Be6 11. Re1 Nbd7 12. a3 Qc7 13. g3 Rfe8 14. Ne5 Nxe5 15. dxe5 Nd7 16. f4 Bxh4 17. gxh4 Nc5 18. b4 Qb6 19. bxc5 Qxc5+ 20. Kg2 Qxc3 21. f5 Bd7 22. Qg4 Rxe5 23. Qg3 Rxe1 24. Rxe1 Re8 25. Rf1 Qe5 26. Rf4 Qf6 27. a4 c5 28. Bb5 Bxb5 29. axb5 d4 30. Qd3 Qe5 31. Rf2 Qe4+ 32. Kf1 Qh1# 0-1

[Event "Slovakia Chess Open 2024"]
[Site "Modra"]
[Date "2024.03.04"]
[Round "6.18"]
[White "Lepejova Viola"]
[Black "Mruskovic, Ondrej"]
[Result "0-1"]
[ECO "C00"]
[WhiteElo "1000"]
[BlackElo "1510"]
[Annotator "NA RC"]
[PlyCount "62"]
[EventDate "2024.02.29"]
[EventType "swiss"]
[EventCountry "SVK"]
[SourceTitle "playchess.com"]
[Source "ChessBase"]
[SourceQuality "1"]
[TimeControl "5400+30"]

1. e4 e6 2. Nf3 d5 3. Nc3 Bb4 4. Bd3 Nc6 5. a3 Ba5 6. O-O Nf6 7. e5 Nd7 8. Re1 Bb6 9. Na4 O-O 10. c3 a6 11. Bc2 Ba7 12. d4 b5 13. Ng5 g6 14. Qg4 Kg7 15. h4 h5 16. Qf3 Qe7 17. g4 Rh8 18. Be3 bxa4 19. Bxa4 Bb7 20. gxh5 Rxh5 21. c4 Nxd4 22. Bxd4 Bxd4 23. Rad1 Rxh4 24. Rd2 Qxg5+ 25. Kf1 Qxd2 26. Re2 Qc1+ 27. Re1 Qxc4+ 28. Re2 Rah8 29. Kg2 Rh2+ 30. Kg3 R8h3+ 31. Kg4 Be3+ 0-1

[Event "Slovakia Chess Open 2024"]
[Site "Modra"]
[Date "2024.03.04"]
[Round "7.1"]
[White "Bochnicka, Vladimir"]
[Black "Stevik, Patrik"]
[Result "1/2-1/2"]
[ECO "C55"]
[WhiteElo "2413"]
[BlackElo "2167"]
[Annotator "RC"]
[PlyCount "88"]
[EventDate "2024.02.29"]
[EventType "swiss"]
[EventCountry "SVK"]
[SourceTitle "playchess.com"]
[Source "ChessBase"]
[SourceQuality "1"]
[TimeControl "5400+30"]

1. e4 e5 2. Nf3 Nc6 3. Bc4 Nf6 4. d3 d5 5. exd5 Nxd5 6. O-O Be7 7. c3 O-O 8. Re1 Bg4 9. h3 Bh5 10. a4 Nb6 11. Bb5 Nd7 12. a5 a6 13. Bxc6 bxc6 14. d4 exd4 15. g4 Bg6 16. Nxd4 Bh4 17. Nxc6 Qf6 18. Ne7+ Kh8 19. Qd4 Qxd4 20. cxd4 Bxb1 21. Rxb1 Rae8 22. g5 f6 23. Bf4 Bxf2+ 24. Kxf2 fxg5 25. Ng6+ hxg6 26. Rxe8 Rxe8 27. Bxc7 Rc8 28. Be5 Nxe5 29. dxe5 Rc5 30. Re1 Kg8 31. b4 Rc4 32. e6 Kf8 33. e7+ Ke8 34. Re6 Rxb4 35. Rxa6 Kxe7 36. Rxg6 Kf7 37. Rxg5 Kf6 38. Rc5 Ra4 39. Rc6+ Kg5 40. a6 Kh4 41. Kg2 Ra2+ 42. Kf3 Kxh3 43. Rg6 Kh4 44. Rxg7 Rxa6 1/2-1/2

[Event "Slovakia Chess Open 2024"]
[Site "Modra"]
[Date "2024.03.04"]
[Round "7.2"]
[White "Krivoborodov, Egor"]
[Black "Hasala, Richard"]
[Result "1-0"]
[ECO "D02"]
[WhiteElo "2555"]
[BlackElo "1935"]
[Annotator "RC"]
[PlyCount "75"]
[EventDate "2024.02.29"]
[EventType "swiss"]
[EventCountry "SVK"]
[SourceTitle "playchess.com"]
[Source "ChessBase"]
[SourceQuality "1"]
[TimeControl "5400+30"]

1. d4 Nf6 2. Bf4 e6 3. e3 d5 4. Nf3 Be7 5. Bd3 O-O 6. Nbd2 b6 7. Ne5 Bb7 8. Qf3 c5 9. c3 Nbd7 10. Qh3 g6 11. Ndf3 Ne4 12. Bh6 Re8 13. Bb5 Bc8 14. Bf4 Rf8 15. Bh6 Re8 16. Bc6 Nxe5 17. Nxe5 f6 18. Bxa8 fxe5 19. Bc6 Bd7 20. Bxd7 Qxd7 21. dxe5 d4 22. exd4 cxd4 23. Rd1 Qc6 24. O-O dxc3 25. Rc1 Bc5 26. bxc3 Rd8 27. Be3 Rd3 28. Qh6 Qd5 29. Bxc5 Qxc5 30. c4 Qxe5 31. Rcd1 Nc5 32. Rxd3 Nxd3 33. Rd1 Qe2 34. Qd2 Qxd2 35. Rxd2 Ne5 36. Rd8+ Kg7 37. Rc8 Kf6 38. c5 1-0

[Event "Slovakia Chess Open 2024"]
[Site "Modra"]
[Date "2024.03.04"]
[Round "7.3"]
[White "Shirinyan, Daniel"]
[Black "Banas, Kamil"]
[Result "1/2-1/2"]
[ECO "D45"]
[WhiteElo "2177"]
[BlackElo "2162"]
[Annotator "RC"]
[PlyCount "90"]
[EventDate "2024.02.29"]
[EventType "swiss"]
[EventCountry "SVK"]
[SourceTitle "playchess.com"]
[Source "ChessBase"]
[SourceQuality "1"]
[TimeControl "5400+30"]

1. d4 d5 2. c4 e6 3. Nc3 c6 4. e3 Nf6 5. Nf3 Nbd7 6. b3 Bb4 7. Bd2 O-O 8. Bd3 dxc4 9. Bxc4 Qe7 10. O-O e5 11. dxe5 Nxe5 12. Nxe5 Qxe5 13. Rc1 Ng4 14. f4 Qe7 15. Qf3 Nf6 16. h3 Bf5 17. e4 Bc5+ 18. Be3 Nxe4 19. Nxe4 Bxe3+ 20. Qxe3 Qxe4 21. Qxe4 Bxe4 22. Rfe1 Rfe8 23. Rcd1 Re7 24. Bd3 f5 25. Bxe4 fxe4 26. Kf2 Kf7 27. Rd4 Rae8 28. Ke3 h5 29. g3 Kf6 30. Rc1 g5 31. fxg5+ Kxg5 32. Rf1 Re5 33. Rf4 Rc5 34. Rfxe4 Rc3+ 35. Rd3 Rxe4+ 36. Kxe4 Rc2 37. Rd7 Rxa2 38. Rg7+ Kf6 39. Rxb7 a5 40. Rb6 Rc2 41. Ra6 Rc3 42. Rxa5 Rxb3 43. Rxh5 Rxg3 44. Rh6+ Kg5 45. Rxc6 Rxh3 1/2-1/2

[Event "Slovakia Chess Open 2024"]
[Site "Modra"]
[Date "2024.03.04"]
[Round "7.4"]
[White "Melih, Mario"]
[Black "Galla, Richard"]
[Result "1/2-1/2"]
[ECO "A15"]
[WhiteElo "1930"]
[BlackElo "1975"]
[Annotator "NA RC"]
[PlyCount "53"]
[EventDate "2024.02.29"]
[EventType "swiss"]
[EventCountry "SVK"]
[SourceTitle "playchess.com"]
[Source "ChessBase"]
[SourceQuality "1"]
[TimeControl "5400+30"]

1. Nf3 Nf6 2. g3 b6 3. Bg2 Bb7 4. O-O e6 5. c4 Be7 6. a3 O-O 7. Qc2 $11 (7. d4 {might be stronger.}) 7... d5 8. d4 dxc4 9. Qxc4 Nbd7 10. Rd1 Rc8 11. Nc3 c5 12. dxc5 Bxc5 13. Qd3 Re8 14. b4 Bf8 15. Bb2 Qe7 16. e4 Red8 17. Qe3 e5 18. Bh3 Rc4 19. Nd2 Rc6 20. Nb3 a6 21. Rd3 Nb8 22. Rad1 Rcd6 23. f3 Qc7 24. Bf1 Bc8 25. Rxd6 Rxd6 26. Rxd6 Bxd6 27. Na4 1/2-1/2

[Event "Slovakia Chess Open 2024"]
[Site "Modra"]
[Date "2024.03.04"]
[Round "7.5"]
[White "Kukla, Tomas"]
[Black "Oruzinsky, Juraj"]
[Result "0-1"]
[ECO "D15"]
[WhiteElo "1864"]
[BlackElo "2160"]
[Annotator "RC"]
[PlyCount "118"]
[EventDate "2024.02.29"]
[EventType "swiss"]
[EventCountry "SVK"]
[SourceTitle "playchess.com"]
[Source "ChessBase"]
[SourceQuality "1"]
[TimeControl "5400+30"]

1. d4 d5 2. c4 c6 3. Nf3 Nf6 4. Nc3 a6 5. Qc2 Bg4 6. Ne5 Bh5 7. Bg5 e6 8. e3 Be7 9. Bd3 Nbd7 10. Bxf6 Nxf6 11. c5 Nd7 12. Nxd7 Qxd7 13. Ne2 Qc7 14. O-O e5 15. Bf5 e4 16. Ng3 Bg6 17. f4 Bh4 18. Bh3 Bxg3 19. hxg3 f5 20. Qe2 h5 21. b4 O-O 22. a4 a5 23. b5 cxb5 24. axb5 Be8 25. Rfb1 g6 26. Ra3 Qd8 27. Qa2 Rf7 28. Qb3 Kg7 29. Rba1 Kh6 30. Rb1 Rc7 31. Qd1 b6 32. c6 Bxc6 33. bxc6 Rxc6 34. g4 hxg4 35. Bxg4 fxg4 36. Qxg4 Rac8 37. Kf2 Rc1 38. Raa1 Rxb1 39. Rxb1 Rc2+ 40. Kg3 Kg7 41. Qe6 Rc3 42. Rh1 Qc7 43. Re1 g5 44. Qg4 Qxf4+ 45. Qxf4 gxf4+ 46. Kxf4 b5 47. Ke5 a4 48. Kxd5 a3 49. Kxe4 b4 50. Ra1 Rc2 51. Kd3 Rxg2 52. Kc4 Rb2 53. e4 a2 54. Rxa2 Rxa2 55. Kxb4 Rc2 56. e5 Kf7 57. d5 Ke7 58. Kb5 Re2 59. e6 Kd6 0-1

[Event "Slovakia Chess Open 2024"]
[Site "Modra"]
[Date "2024.03.04"]
[Round "7.6"]
[White "Smetana, Peter"]
[Black "Pisarcik, Richard"]
[Result "1-0"]
[ECO "C47"]
[WhiteElo "1993"]
[BlackElo "1855"]
[Annotator "NA RC"]
[PlyCount "93"]
[EventDate "2024.02.29"]
[EventType "swiss"]
[EventCountry "SVK"]
[SourceTitle "playchess.com"]
[Source "ChessBase"]
[SourceQuality "1"]
[TimeControl "5400+30"]

1. e4 e5 2. Nf3 Nc6 3. Nc3 Nf6 4. d4 exd4 5. Nxd4 Bb4 6. Nxc6 bxc6 7. Bd3 d5 8. exd5 cxd5 9. O-O O-O 10. h3 c6 11. Qf3 Rb8 12. Bf4 Rb7 $11 13. a3 Bd6 14. b3 Re8 15. Ne2 Bxf4 16. Qxf4 Nh5 17. Qf3 Qg5 18. Kh1 Rbe7 19. Nd4 Nf4 20. Nxc6 Re6 21. Nxa7 Nxd3 22. Qxd3 Bd7 23. Nb5 Rg6 24. Rg1 Rh6 25. Nd4 Re4 26. Rad1 Reh4 27. Qg3 Qd8 28. Rd3 g6 29. Rgd1 Qc8 30. Kg1 Bxh3 31. gxh3 Rxh3 32. Qg2 Rh2 33. Qxh2 Rxh2 34. Kxh2 Qg4 35. a4 Qh4+ 36. Kg2 Qg4+ 37. Kf1 h5 38. a5 Qe4 39. a6 Qh1+ 40. Ke2 Qe4+ 41. Kd2 Qf4+ 42. Kc3 Qc7+ 43. Kb2 Qa7 44. Ra1 f5 45. Nb5 Qg7+ 46. c3 Qe7 47. Rd2 1-0

[Event "Slovakia Chess Open 2024"]
[Site "Modra"]
[Date "2024.03.04"]
[Round "7.7"]
[White "Mruskovic, Radoslav"]
[Black "Palka, Miroslav"]
[Result "1/2-1/2"]
[ECO "B22"]
[WhiteElo "1933"]
[BlackElo "1780"]
[Annotator "NA RC"]
[PlyCount "36"]
[EventDate "2024.02.29"]
[EventType "swiss"]
[EventCountry "SVK"]
[SourceTitle "playchess.com"]
[Source "ChessBase"]
[SourceQuality "1"]
[TimeControl "5400+30"]

1. e4 c5 2. Nf3 d6 3. c3 Nc6 4. d4 cxd4 5. cxd4 Nf6 6. Nc3 g6 7. Bb5 Bd7 8. Bf4 Bg7 9. d5 Nb8 10. O-O O-O 11. Rc1 a6 12. Be2 Bg4 13. h3 Bxf3 14. Bxf3 Nbd7 15. Qd2 Qa5 16. Be3 Rac8 17. Be2 b5 18. a3 Ne5 1/2-1/2

[Event "Slovakia Chess Open 2024"]
[Site "Modra"]
[Date "2024.03.04"]
[Round "7.8"]
[White "Bucor, Mark"]
[Black "Novomeska, Karin"]
[Result "0-1"]
[ECO "B12"]
[WhiteElo "1852"]
[BlackElo "1929"]
[Annotator "NA RC"]
[PlyCount "53"]
[EventDate "2024.02.29"]
[EventType "swiss"]
[EventCountry "SVK"]
[SourceTitle "playchess.com"]
[Source "ChessBase"]
[SourceQuality "1"]
[TimeControl "5400+30"]

1. e4 c6 2. d4 d5 3. f3 e6 4. Nc3 Bb4 5. Bd2 Nd7 6. Nh3 Nb6 7. a3 Bxc3 8. Bxc3 Na4 9. Bd3 Nxc3 10. bxc3 Nf6 11. O-O Qa5 12. Qe1 c5 13. e5 Nd7 14. f4 c4 15. Be2 Nb6 16. Qg3 g6 17. Rf3 Na4 18. Kf1 Bd7 19. Qg5 Nxc3 20. Qf6 Rf8 21. Ng5 Ne4 22. Nxe4 dxe4 23. Rh3 h5 24. g4 Qd5 25. gxh5 g5 26. h6 e3 27. h7 0-1

[Event "Slovakia Chess Open 2024"]
[Site "Modra"]
[Date "2024.03.04"]
[Round "7.9"]
[White "Petrik, Matus"]
[Black "Nosal, Tobias"]
[Result "1-0"]
[ECO "C10"]
[WhiteElo "1812"]
[BlackElo "1773"]
[Annotator "NA RC"]
[PlyCount "31"]
[EventDate "2024.02.29"]
[EventType "swiss"]
[EventCountry "SVK"]
[SourceTitle "playchess.com"]
[Source "ChessBase"]
[SourceQuality "1"]
[TimeControl "5400+30"]

1. e4 e6 2. d4 d5 3. Nc3 dxe4 4. Nxe4 Bd7 5. Nf3 Bc6 6. Bd3 Nd7 7. O-O Ngf6 8. Neg5 Bxf3 9. Qxf3 c6 10. Re1 Qe7 11. c4 O-O-O 12. Bf4 Nb6 13. d5 cxd5 14. cxd5 Nfxd5 15. Rac1+ Kd7 16. Bb5# 1-0

[Event "Slovakia Chess Open 2024"]
[Site "Modra"]
[Date "2024.03.04"]
[Round "7.10"]
[White "Pietrucha, Jaroslaw"]
[Black "Fratric, Jakub"]
[Result "1-0"]
[ECO "B43"]
[WhiteElo "1781"]
[BlackElo "1750"]
[Annotator "NA RC"]
[PlyCount "51"]
[EventDate "2024.02.29"]
[EventType "swiss"]
[EventCountry "SVK"]
[SourceTitle "playchess.com"]
[Source "ChessBase"]
[SourceQuality "1"]
[TimeControl "5400+30"]

1. e4 c5 2. Nf3 e6 3. d4 cxd4 4. Nxd4 Nf6 5. Bd3 Nc6 6. Nb3 Be7 7. O-O O-O 8. Kh1 Qc7 9. f4 d6 10. Nc3 a6 11. Be3 Rb8 12. Qf3 b5 13. Ne2 g6 14. Ned4 Bd7 15. Nxc6 Bxc6 16. Nd4 Bd7 17. f5 e5 18. Ne2 Bc6 19. Bh6 d5 20. Ng3 dxe4 21. Nxe4 Nxe4 22. Bxe4 Bxe4 23. Qxe4 Rfe8 24. fxg6 hxg6 25. Rxf7 Kxf7 26. Qd5+ 1-0

[Event "Slovakia Chess Open 2024"]
[Site "Modra"]
[Date "2024.03.04"]
[Round "7.11"]
[White "Banas, Samuel"]
[Black "Visvader, Kristof"]
[Result "0-1"]
[ECO "C60"]
[WhiteElo "1733"]
[BlackElo "1696"]
[Annotator "NA RC"]
[PlyCount "42"]
[EventDate "2024.02.29"]
[EventType "swiss"]
[EventCountry "SVK"]
[SourceTitle "playchess.com"]
[Source "ChessBase"]
[SourceQuality "1"]
[TimeControl "5400+30"]

1. e4 e5 2. Nf3 Nc6 3. Bb5 Nge7 4. d4 exd4 5. Nxd4 g6 6. O-O Bg7 7. Nf3 O-O 8. Nc3 d6 9. Bf4 Bg4 10. h3 Bxf3 11. Qxf3 f5 12. exf5 Rxf5 13. Bc4+ Kh8 14. Rfe1 Qf8 15. Rad1 Rxf4 16. Qe2 Re8 17. Nb5 Nd4 18. Nxd4 Bxd4 19. Kh1 Bxf2 20. Rf1 Nc6 21. Qd3 Ne5 0-1

[Event "Slovakia Chess Open 2024"]
[Site "Modra"]
[Date "2024.03.04"]
[Round "7.12"]
[White "Loffay, Pavol"]
[Black "Veres, Alex"]
[Result "1-0"]
[ECO "C30"]
[WhiteElo "1753"]
[BlackElo "1584"]
[Annotator "NA RC"]
[PlyCount "59"]
[EventDate "2024.02.29"]
[EventType "swiss"]
[EventCountry "SVK"]
[SourceTitle "playchess.com"]
[Source "ChessBase"]
[SourceQuality "1"]
[TimeControl "5400+30"]

1. f4 e5 2. e4 d6 3. Nf3 Nc6 4. Bc4 Bg4 5. h3 Bxf3 6. Qxf3 Nd4 7. Qc3 Nf6 8. d3 g6 9. Be3 Bg7 10. Bxd4 exd4 11. Qb3 O-O 12. O-O b6 13. Qb4 d5 14. Bxd5 Nxd5 15. exd5 Qxd5 16. Nd2 c5 17. Qb3 Qxb3 18. axb3 Rfe8 19. Rae1 Rxe1 20. Rxe1 Kf8 21. Kf2 Re8 22. Ne4 f5 23. Nd6 Rxe1 24. Kxe1 a6 25. g4 Ke7 26. Nc8+ Kd8 27. Nxb6 Kc7 28. Nc4 Kc6 29. Ke2 Kb5 30. gxf5 1-0

[Event "Slovakia Chess Open 2024"]
[Site "Modra"]
[Date "2024.03.04"]
[Round "7.13"]
[White "Hitka, Dominik"]
[Black "Smolka, Robert"]
[Result "1-0"]
[ECO "A06"]
[WhiteElo "1709"]
[BlackElo "1620"]
[Annotator "NA RC"]
[PlyCount "83"]
[EventDate "2024.02.29"]
[EventType "swiss"]
[EventCountry "SVK"]
[SourceTitle "playchess.com"]
[Source "ChessBase"]
[SourceQuality "1"]
[TimeControl "5400+30"]

1. Nf3 Nf6 2. c4 e6 3. b3 d5 4. e3 c6 5. Bb2 Bd6 6. Be2 Nbd7 7. d4 c5 8. Nbd2 Qe7 9. Qc2 e5 10. dxe5 Bxe5 11. Nxe5 Nxe5 12. Nf3 Nc6 13. cxd5 Nxd5 14. Bxg7 Rg8 15. Qxh7 Rxg7 16. Qxg7 Bf5 17. Qh8+ Qf8 18. Qxf8+ Kxf8 19. O-O Nf6 20. Rfd1 Ke7 21. Rd2 Ne4 22. Rd5 Be6 23. Rh5 Rg8 24. Bd3 Bg4 25. Bxe4 Bxh5 26. Bxc6 bxc6 27. Kf1 Rd8 28. Ke2 Rd5 29. h3 Bg6 30. Rd1 f6 31. Ne1 a5 32. Nd3 Bf5 33. Nf4 Rxd1 34. Kxd1 Bb1 35. a3 Kd6 36. Kd2 Bh7 37. f3 Bg8 38. Kc3 Bf7 39. Nd3 Be6 40. Nb2 Kd5 41. Nc4 a4 42. e4# 1-0

[Event "Slovakia Chess Open 2024"]
[Site "Modra"]
[Date "2024.03.04"]
[Round "7.14"]
[White "Pikulik, Roman"]
[Black "Lepejova Viola"]
[Result "1-0"]
[ECO "C30"]
[WhiteElo "1675"]
[BlackElo "1000"]
[Annotator "NA"]
[PlyCount "41"]
[EventDate "2024.02.29"]
[EventType "swiss"]
[EventCountry "SVK"]
[SourceTitle "playchess.com"]
[Source "ChessBase"]
[SourceQuality "1"]
[TimeControl "5400+30"]

1. e4 e5 2. Nc3 d6 3. f4 Nf6 4. Nf3 exf4 5. Bc4 c6 6. O-O Be7 7. d4 Be6 8. Bxe6 fxe6 9. Ng5 e5 10. Ne6 Qb6 11. Kh1 d5 12. dxe5 Nfd7 13. Bxf4 Nc5 14. exd5 Nbd7 15. Nxg7+ Kd8 16. dxc6 Qxc6 17. b4 Na6 18. e6 Nxb4 19. exd7 Rg8 20. Be5 Bf8 21. Bf6+ 1-0